 Dungeon Crawl Stone Soup version 0.29-a0-23-ga79f92ac9c (webtiles) character file.

Game seed: 6415615285500398080

3625 Ajdolov the Frost Mage (level 10, -8/90 (100) HPs)
             Began as an Ogre Ice Elementalist on Jan 30, 2022.
             Was a Follower of Vehumet.
             Mangled by a wight (13 damage)
             ... on level 8 of the Dungeon.
             The game lasted 00:24:28 (10739 turns).

Ajdolov the Frost Mage (Ogre Ice Elementalist)     Turns: 10739, Time: 00:24:29

HP:   -8/90 (100)   AC:  3    Str: 14    XL:     10   Next: 11%
MP:   16/16         EV: 13    Int: 20    God:    Vehumet [*.....]
Gold: 188           SH:  0    Dex:  9    Spells: 6/17 levels left

rFire   . . .      SeeInvis .   a - +5 falchion
rCold   . . .      Faith    .   (no shield)
rNeg    . . .      Spirit   .   v - +0 robe
rPois   +          Reflect  .   (helmet restricted)
rElec   .          Harm     .   p - scarf {repulsion}
rCorr   .          Rampage  .   (gloves unavailable)
Will    +....                   (boots unavailable)
Stlth   +.........              f - amulet of magic regeneration
HPRegen 0.25/turn               i - ring of poison resistance
MPRegen 0.55/turn               r - +4 ring of evasion

@: heavily drained, invisible, repel missiles
A: large, unfitting armour, tough skin 1
a: Renounce Religion


You were on level 8 of the Dungeon.
You worshipped Vehumet.
Vehumet was aware of your devotion.
You visited 2 branches of the dungeon, and saw 9 of its levels.

You collected 334 gold pieces.
You spent 146 gold pieces at shops.

Inventory:

Hand Weapons
 a - a +5 falchion (weapon)
Missiles
 c - 145 stones
Armour
 p - a scarf of repulsion (worn)
 v - a +0 robe (worn)
Magical Staves
 b - a staff of cold
Jewellery
 f - an amulet of magic regeneration (around neck)
 i - a ring of poison resistance (left hand)
 k - a ring of flight
 r - a +4 ring of evasion (right hand)
Wands
 y - a wand of polymorph (5)
 z - a wand of mindburst (10)
Scrolls
 d - 4 scrolls of amnesia {unknown}
 h - 9 scrolls of identify
 j - 5 scrolls of teleportation
 l - a scroll of fear {unknown}
 m - 2 scrolls of magic mapping {unknown}
 n - 2 scrolls of vulnerability {unknown}
 t - a scroll of noise {unknown}
 u - 2 scrolls of torment {unknown}
 w - 2 scrolls of blinking {unknown}
 C - a scroll of immolation {unknown}
 E - 2 scrolls of fog {unknown}
Potions
 e - 2 potions of brilliance
 g - a potion of lignification {unknown}
 o - a potion of cancellation {unknown}
 q - 2 potions of berserk rage {unknown}
 s - a potion of ambrosia {unknown}
 x - a potion of might {unknown}
 A - 2 potions of invisibility
 D - a potion of resistance {unknown}
 F - a potion of flight {unknown}


   Skills:
 + Level 6.8 Fighting
 - Level 1.7 Dodging
 - Level 1.4 Stealth
 - Level 4.4 Spellcasting
 * Level 8.0 Conjurations
 + Level 9.2 Ice Magic


You had 6 spell levels left.
You knew the following spells:

 Your Spells              Type           Power      Damage    Failure   Level
a - Freeze                Ice            100%       1d11      1%          1
b - Frozen Ramparts       Ice            82%        1d10      1%          3
c - Ozocubu's Armour      Ice            41%        N/A       1%          3
d - Hailstorm             Conj/Ice       38%        3d9       3%          4

Your spell library contained the following spells:

 Spells                   Type           Power      Damage    Failure   Level
 Foxfire                  Conj/Fire      80%        2x1d8     2%          1
 Static Discharge         Conj/Air       20%        N/A       3%          2
 Sublimation of Blood     Necr           4%         N/A       19%         2
 Gell's Gravitas          Tloc           4%         N/A       36%         3
 Lesser Beckoning         Tloc           4%         N/A       36%         3
 Teleport Other           Tloc           4%         N/A       36%         3
 Irradiate                Conj/Tmut      10%        3d16      54%         5
 Lightning Bolt           Conj/Air       10%        1d23      54%         5
 Petrify                  Tmut/Erth      4%         N/A       77%         4
 Maxwell's Capacitive Co  Air            2%         ∞         100%        8


Dungeon Overview and Level Annotations

Branches:
Dungeon (8/15)             Temple (1/1) D:6            Lair (0/6) D:8

Altars:
Dithmenos
Elyvilon
Hepliaklqana
Makhleb
Okawaru
Ru
Sif Muna
Vehumet
Yredelemnul
The Shining One

Shops:
D:3 [*?[   D:7 *[[=


Innate Abilities, Weirdness & Mutations

You are too large for most types of armour.
You have tough skin. (AC +1)


Message History

The wight is severely damaged.
The wight hits you with a +2 morningstar.
You hit the wight but do no damage.
The wight is severely damaged.
The wight hits you with a +2 morningstar!
You feel drained.
You barely miss the wight. You hit the wight but do no damage.
The wight hits you with a +3 great sword!
You feel drained.
The wight hits you with a +3 great sword!
You hit the wight.
The wight is moderately damaged.
The wight hits you with a +3 great sword!
* * * LOW HITPOINT WARNING * * *
Your icy armour will break if you move.
Continue?
Your icy armour cracks and falls away as you move.
You feel much better.
The wight hits you with a +3 great sword!!
You feel drained.
* * * LOW HITPOINT WARNING * * *
The wight hits you with a +3 great sword!
* * * LOW HITPOINT WARNING * * *
There is an open door, spattered with blood here.
Why would you want to do that?
Unknown command.
Things that are here:
a +0 hand axe; an orc corpse You enter the shallow water.
Moving in this stuff is going to be slow.
The wight hits you with a +3 great sword!
* * * LOW HITPOINT WARNING * * *
There is an empty arch of ancient stone here.
You enter the shallow water.
Moving in this stuff is going to be slow.
Okay, then.
Okay, then.
You fade into invisibility!
The wight hits you with a +3 great sword!
You die...

## #. ######.###
.........###.# #####
#..@.....# ##...##
#.##z#.### #.....###
#. #.#.## #........
#.##z#..## #.....#
#..#.....####...####
##+##
#.......##.........#
##...##
#.≈≈≈≈≈.##.##.#.##.#
##.....##
#.≈...≈.##.#.###.#.#
##.......##
#.≈>∩.≈.##..## ##.>#


You could see 2 wights.

Vanquished Creatures
  A komodo dragon (D:8)
  A wyvern (D:7)
  3 water moccasins
  An ice beast (D:5)
  A sky beast (D:7)
  3 black bears (D:8)
  2 ogres
  2 centaurs
  2 necrophages
  A phantom (D:5)
  A bullfrog (D:8)
  4 scorpions
  A wyvern skeleton (D:5)
  6 killer bees (D:8)
  9 wights
  3 howler monkeys
  2 centaur zombies (D:5)
  A bullfrog zombie (D:6)
  4 hounds
  A centaur skeleton (D:4)
  4 orc priests
  Jessica (D:3)
  4 iguanas
  An orc wizard (D:5)
  2 killer bee zombies
  A howler monkey zombie (D:6)
  7 adders
  4 gnolls
  A shadow imp (D:5)
  A white imp (D:5)
  An adder skeleton (D:4)
  A worm (D:2)
  4 dart slugs
  14 orcs
  6 ball pythons
  2 endoplasms
  3 giant cockroaches
  14 goblins
  3 hobgoblins
  2 jackals (D:1)
  9 kobolds
  5 quokkas
  5 bats
  A frilled lizard (D:1)
  2 rats
147 creatures vanquished.

Vanquished Creatures (others)
  A butterfly (D:8)
  34 fungi (D:8)
  47 plants
82 creatures vanquished.

Grand Total: 229 creatures vanquished

Notes
Turn   | Place    | Note
-------+----------+-------------------------------------------
     0 | D:1      | Ajdolov the Ogre Ice Elementalist began the quest for the
                  | Orb.
     0 | D:1      | Reached XP level 1. HP: 16/16 MP: 3/3
   253 | D:1      | Reached XP level 2. HP: 24/24 MP: 0/5
   431 | D:1      | Reached skill level 4 in Ice Magic
   851 | D:1      | Reached XP level 3. HP: 28/31 MP: 7/7
   855 | D:1      | Learned a level 3 spell: Frozen Ramparts
   859 | D:1      | Learned a level 3 spell: Ozocubu's Armour
  1555 | D:2      | Reached XP level 4. HP: 31/39 MP: 8/8
  1696 | D:2      | Reached skill level 5 in Ice Magic
  2226 | D:2      | Reached XP level 5. HP: 44/45 MP: 6/9
  2634 | D:3      | Found Paxuw's Magic Scroll Shoppe.
  2648 | D:3      | Bought a scroll of identify for 26 gold pieces
  2648 | D:3      | Noticed Jessica
  2656 | D:3      | Killed Jessica
  2788 | D:3      | Found Kosiukh's Assorted Antiques.
  3106 | D:3      | Found Kov Ruam's Antique Armour Boutique.
  3142 | D:3      | Noticed an ogre
  3154 | D:3      | Killed an ogre
  3155 | D:3      | Reached skill level 6 in Ice Magic
  3155 | D:3      | Reached XP level 6. HP: 31/53 MP: 8/10
  3384 | D:3      | Found Purcheneo's Armour Emporium.
  3393 | D:3      | Bought a scarf of repulsion for 120 gold pieces
  3531 | D:4      | Found a burning altar of Makhleb.
  3914 | D:4      | Reached skill level 7 in Ice Magic
  4303 | D:4      | Found a shimmering blue altar of Sif Muna.
  4303 | D:4      | Found a shadowy altar of Dithmenos.
  4308 | D:4      | Found a hazy altar of Hepliaklqana.
  4357 | D:5      | Entered Level 5 of the Dungeon
  4414 | D:5      | Reached XP level 7. HP: 50/59 MP: 11/11
  4421 | D:5      | Learned a level 4 spell: Hailstorm
  4586 | D:5      | Reached skill level 1 in Conjurations
  4827 | D:5      | Reached XP level 8. HP: 22/67 MP: 12/14
  5518 | D:5      | Reached skill level 1 in Fighting
  5765 | D:5      | Reached skill level 8 in Ice Magic
  6383 | D:6      | Found a staircase to the Ecumenical Temple.
  6391 | Temple   | Entered the Ecumenical Temple
  6407 | Temple   | Became a worshipper of Vehumet
  6655 | D:6      | HP: 3/70 [disintegration (19)]
  7157 | D:6      | Reached skill level 5 in Conjurations
  7173 | D:6      | Reached XP level 9. HP: 33/83 MP: 15/15
  7184 | D:6      | HP: 4/82 [wight (4)]
  8469 | D:7      | Found Veluhagi's Antique Armour Shoppe.
  8856 | D:7      | Found Ugi Vyss's Antique Armour Shoppe.
  9002 | D:7      | Found Lubluria's Jewellery Boutique.
  9162 | D:7      | Found Vofiururph's Assorted Antiques.
  9269 | D:7      | Reached skill level 5 in Fighting
 10340 | D:8      | Found a staircase to the Lair.
 10445 | D:8      | Reached * piety under Vehumet
 10445 | D:8      | Offered knowledge of Foxfire by Vehumet.
 10446 | D:8      | Reached skill level 9 in Ice Magic
 10472 | D:8      | Noticed a komodo dragon
 10493 | D:8      | Killed a komodo dragon
 10494 | D:8      | Reached XP level 10. HP: 100/100 MP: 8/16
 10520 | D:8      | Found a white marble altar of Elyvilon.
 10561 | D:8      | Found a flagged portal.
 10728 | D:8      | HP: 2/90 [wight (9)]
 10739 | D:8      | Mangled by a wight

Illustrated notes

Levels and vault maps discovered:
D:1:      amcnicky_arrival_blooded_trapdoor, layout_basic, nicolae_grassy_gnolls
D:2:      minmay_general_purpose_star, layout_basic
D:3:      layout_loops_ring, serial_shops,
          nicolae_shop_temple_entry_statues_fountains, shop, shop,
          nicolae_square_shop, uniq_jessica
D:4:      layout_loops_ring, old_standard_altar, minitemple, serial_bayou_lake_a
D:5:      layout_gridville, minivault_4, minmay_bent
D:6:      layout_basic, minmay_temple_entry_statues_pillars
D:7:      layout_basic, serial_shops, nicolae_stop_n_shop_2, shop,
          nicolae_shop_hallway_stairs, nicolae_shop_overgrown_old_shop
D:8:      layout_loops_corners, nicolae_elyvilon_peaceful_grove,
          due_lair_maze_entry_diamond, enter_bailey_5, jiyva_altar_1
Temple:   regret_index_temple_sphere_string

Skill      XL: |  1  2  3  4  5  6  7  8  9 10 |
---------------+-------------------------------+-----
Ice Magic      | 4 5 6 7 8 9 |  9.2
Spellcasting   | 4 |  4.4
Conjurations   | 3 5 7 8 |  8.0
Fighting       | 3 6 |  6.8
Dodging        | |  1.7
Stealth        | |  1.4

Action                   |  1- 3 |  4- 6 |  7- 9 | 10-12 || total
-------------------------+-------+-------+-------+-------++-------
Melee: Unarmed           |     2 |       |       |       ||     2
       Short sword       |    50 |       |       |       ||    50
       Dagger            |    13 |    99 |       |       ||   112
       Punch             |       |     3 |     1 |       ||     4
       Staff             |       |     3 |    97 |    14 ||   114
       Falchion          |       |       |   145 |    10 ||   155
 Cast: Freeze            |    16 |       |     2 |       ||    18
       Frozen Ramparts   |     3 |    12 |    33 |     1 ||    49
       Ozocubu's Armour  |     1 |     2 |    18 |     3 ||    24
       Hailstorm         |       |       |     2 |       ||     2
  Use: Potion            |       |       |     7 |     2 ||     9
       Scroll            |       |       |     2 |       ||     2
 Stab: Sleeping          |       |     1 |       |       ||     1
Armor: Robe              |    19 |    40 |    65 |     8 ||   132
Dodge: Dodged            |    34 |    61 |   184 |    17 ||   296
       Repelled          |       |     1 |     1 |       ||     2

Table legend: (Time is in decaauts)
 A = Elapsed time spent in this place.
 B = Non-inter-level travel time spent in this place.
 C = Inter-level travel time spent in this place.
 D = Time resting spent in this place.
 E = Time spent auto-exploring this place.
 F = Levels seen in this place.
 G = Mean time per level.
                   A        B        C        D        E       F      G
               +--------+--------+--------+--------+--------+-----+--------+
         Total |  10855 |  10366 |    489 |   2288 |   6332 |   9 | 1206.1 |
       Dungeon |  10822 |  10348 |    474 |   2288 |   6323 |   8 | 1352.8 |
        Temple |     32 |     17 |     15 |      0 |      9 |   1 |   32.0 |
               +--------+--------+--------+--------+--------+-----+--------+

Top non-repeatable levels by time:
     D:6: 2161 daAuts
     D:5: 1884 daAuts
     D:1: 1485 daAuts
     D:7: 1440 daAuts
     D:4: 1137 daAuts
     D:2: 1100 daAuts
     D:3: 835 daAuts
     D:8: 777 daAuts
  Temple: 32 daAuts
